 Dungeon Crawl Stone Soup version 0.29.1-15-g9cfb28693d (webtiles) character file.

Game seed: 10937930848966437083

742 leafyfresh the Covert (level 7, -10/51 HPs)
             Began as an Octopode Delver on Mar 13, 2023.
             Killed from afar by Dowan (18 damage)
             ... with a shard of ice
             ... on level 5 of the Dungeon.
             The game lasted 00:05:09 (4967 turns).

leafyfresh the Covert (Octopode Delver)             Turns: 4967, Time: 00:05:10

Health: -10/51     AC:  3    Str: 15    XL:     7   Next: 76%
Magic:  16/16      EV: 15    Int: 15    God:
Gold:   243        SH:  0    Dex: 13    Spells: 6/6 levels left

rFire   . . .      SeeInvis .   D - +7 short sword of Ulal {venom, Str+4}
rCold   . . .      Faith    .   (no shield)
rNeg    . . .      Spirit   .   u - +2 hat
rPois   .          Reflect  .   (no amulet)
rElec   .          Harm     .   m - ring of magical power
rCorr   .          Rampage  .   (no ring)
Will    .....                   (no ring)
Stlth   ++++++....              (no ring)
HPRegen 0.17/turn               (no ring)
MPRegen 0.15/turn               (no ring)
                                (no ring)
                                (no ring)

@: lethally poisoned (-10 -> -12), studying Stealth
A: almost no armour, amphibious, 8 rings, camouflage 1, gelatinous body 1,
(nimble swimmer 1), tentacles
a: no special abilities


You were on level 5 of the Dungeon.
You visited 1 branch of the dungeon, and saw 6 of its levels.

You collected 243 gold pieces.

Inventory:

Hand Weapons
 a - a +0 short sword
 i - a +1 whip of pain
 j - a +2 short sword of flaming
 x - a +2 war axe of venom
 D - the +7 short sword of Ulal (weapon) {venom, Str+4}
   (You found it on level 6 of the Dungeon)

   It poisons the flesh of those it strikes.
   Str:       It affects your strength (+4).
Armour
 u - a +2 hat (worn)
Magical Staves
 w - a staff of poison
Jewellery
 m - a ring of magical power (left tentacle)
Wands
 f - a wand of digging (3)
Scrolls
 b - a scroll of fog
 c - 2 scrolls of magic mapping
 d - a scroll of amnesia {unknown}
 g - a scroll of vulnerability {unknown}
 h - 6 scrolls of identify {unknown}
 o - a scroll of butterflies {unknown}
 q - 2 scrolls of enchant weapon {unknown}
 y - a scroll of teleportation {unknown}
Potions
 e - 2 potions of haste
 k - a potion of attraction {unknown}
 l - 2 potions of mutation {unknown}
 n - 2 potions of brilliance {unknown}
 p - a potion of cancellation {unknown}
 r - 2 potions of flight {unknown}
 s - 2 potions of resistance {unknown}
 t - a potion of might {unknown}
 v - a potion of invisibility {unknown}
 z - 2 potions of lignification {unknown}
 A - 2 potions of curing {unknown}
 B - a potion of heal wounds {unknown}
 C - a potion of magic {unknown}
 E - 2 potions of degeneration {unknown}


   Skills:
 + Level 5.6 Fighting
 - Level 2.0 Short Blades
 + Level 5.1 Dodging
 - Level 11.2 Stealth


You had 6 spell levels left.
You didn't know any spells.
Your spell library contained the following spells:

 Spells                   Type           Power      Damage    Failure   Level
 Summon Small Mammal      Summ           0%         N/A       26%         1
 Call Canine Familiar     Summ           0%         N/A       63%         3
 Ignite Poison            Fire/Tmut/Pois 0%         N/A       63%         3
 Mephitic Cloud           Conj/Pois/Air  0%         N/A       63%         3
 Summon Guardian Golem    Hex/Summ       0%         N/A       63%         3
 Freezing Cloud           Conj/Ice/Air   0%         6-21      100%        5


Dungeon Overview and Level Annotations

Branches:
Dungeon (6/15)
 Temple: D:4-7

Altars:
Nemelex Xobeh

Annotations:
D:5 Dowan
D:6 Blork the orc, Edmund


Innate Abilities, Weirdness & Mutations

You cannot wear most types of armour.
You are amphibious.
You can wear up to eight rings at the same time.
Your skin changes colour to match your surroundings (Stealth+).
Your rubbery body absorbs attacks. (AC +1, EV +1)
((You are camouflaged when in or above water. (Stealth+)))
You have tentacles for arms and can constrict up to eight enemies at once.


Message History

Duvessa is lightly wounded.
You constrict Duvessa. The adder barely misses you. Duvessa misses you.
There are monsters nearby!
You hit Duvessa.
Duvessa is moderately wounded.
You constrict Duvessa. The adder bites you but does no damage.
Duvessa hits you with a +0 short sword!
There are monsters nearby!
You hit Duvessa. You squeeze Duvessa, but do no damage.
Duvessa is heavily wounded.
You constrict Duvessa. The adder bites you but does no damage.
Duvessa escapes!
Dowan says, "Stay away from my face!"
Unknown command.
The adder bites you.
You are poisoned.
The adder poisons you! The adder bites you.
Duvessa says, "Where magic fails, the sword succeeds!"
Duvessa hits you with a +0 short sword. Dowan misses you.
You climb downwards.
You feel sick.
There is a stone staircase leading up here.
Unknown command.
You barely miss Duvessa. You grab Duvessa.
You squeeze Duvessa, but do no damage.
Duvessa is severely wounded.
You constrict Duvessa.
You feel sick. The adder misses you. Dowan misses you.
Duvessa hits you with a +0 short sword!
* * * LOW HITPOINT WARNING * * *
Unknown command.
You hit Duvessa.
Duvessa looks even sicker.
You squeeze Duvessa, but do no damage.
Duvessa is almost dead.
You constrict Duvessa, but do no damage.
You feel sick.
You kill Duvessa!
Dowan screams, "No!
Oh no!"
Dowan seems to find hidden reserves of power!
The adder barely misses you. Dowan casts a spell at you.
The shard of ice hits you!!
You die...

##
#........................
##
#.##########........#####
.# #.# ########.# .#
#.######## #.# .#
#........# ##.# .#
#.######.# #..#
.########.# #.# #.##
.....##...# #)# #.#
####.##.### ###@### #.#
........# #.Se..# #.#
####.##.# ##.....#
#.###### #.##.# #......#
#....... #.##.# #......#
######## #>##.# #......#
####.#..# #.######
........## #.# ####.....#
#.#


You could see Dowan (fast) and an adder.

Vanquished Creatures
  A black bear (D:6)
  Duvessa (D:5)
  An ice beast (D:5)
  2 scorpions (D:5)
  2 howler monkeys (D:5)
  2 iguanas (D:5)
  Natasha (twice) (D:2)
  Terence (D:2)
  3 orc wizards (D:5)
  A gnoll (D:1)
  8 adders
  A shadow imp (D:5)
  An ufetubus (D:5)
  2 worms
  2 dart slugs
  2 orcs
  3 bats
  2 endoplasms
  2 giant cockroaches (D:2)
  6 goblins
  7 hobgoblins
  3 jackals (D:3)
  A quokka (D:2)
  6 ball pythons
  3 frilled lizards
  8 kobolds
  6 rats
79 creatures vanquished.

Notes
Turn   | Place    | Note
-------+----------+-------------------------------------------
     0 | D:5      | leafyfresh the Octopode Delver began the quest for the Orb.
     0 | D:5      | Reached XP level 1. HP: 16/16 MP: 1/1
    14 | D:5      | Noticed a howler monkey
    20 | D:5      | Killed a howler monkey
    21 | D:5      | Reached skill level 7 in Stealth
    21 | D:5      | Reached XP level 2. HP: 21/21 MP: 2/2
    21 | D:5      | Reached XP level 3. HP: 26/26 MP: 3/3
    50 | D:5      | Noticed a scorpion
   325 | D:4      | Noticed Duvessa
   328 | D:4      | Noticed Dowan
   630 | D:3      | Reached XP level 4. HP: 21/31 MP: 4/4
   782 | D:3      | Reached skill level 8 in Stealth
   938 | D:3      | Reached skill level 9 in Stealth
  1280 | D:2      | Noticed Terence
  1285 | D:2      | Killed Terence
  1286 | D:2      | Reached XP level 5. HP: 36/36 MP: 5/5
  1299 | D:2      | Reached skill level 10 in Stealth
  1390 | D:2      | Noticed Natasha
  1397 | D:2      | Killed Natasha
  1619 | D:2      | Noticed Natasha
  1622 | D:2      | Killed Natasha
  1623 | D:2      | Reached skill level 11 in Stealth
  2180 | D:2      | Found a faded altar of an unknown god.
  2713 | D:1      | Reached XP level 6. HP: 43/43 MP: 6/6
  4058 | D:5      | Noticed an ice beast
  4065 | D:5      | Killed an ice beast
  4066 | D:5      | Reached skill level 5 in Fighting
  4066 | D:5      | Reached XP level 7. HP: 50/50 MP: 7/7
  4494 | D:5      | Found a sparkling altar of Nemelex Xobeh.
  4862 | D:6      | Identified the +7 short sword of Ulal {venom, Str+4}
  4883 | D:6      | Reached skill level 5 in Dodging
  4933 | D:6      | Noticed Blork the orc
  4934 | D:6      | Noticed Edmund
  4967 | D:5      | Killed Duvessa
  4967 | D:5      | Killed from afar by Dowan

Illustrated notes

Levels and vault maps discovered:
D:1:      ncdulo_halloftheorcs, layout_basic
D:2:      layout_basic, basic_ecumenical_altar, item_on_display_a, uniq_terence,
          uniq_natasha
D:3:      minmay_evil_eye, layout_basic
D:4:      layout_rooms, nicolae_kikubaaqudgha_miasma_corner, temple_statues,
          uniq_duvessa
D:5:      layout_loops_ring, lemuel_round_altar
D:6:      layout_rooms, uniq_edmund, uniq_blork_the_orc

Skill      XL: |  1  2  3  4  5  6  7 |
---------------+----------------------+-----
Stealth        | 7 9 11 | 11.2
Dodging        | 3 4 5 |  5.1
Fighting       | 5 |  5.6
Short Blades   | |  2.0

Action                   |  1- 3 |  4- 6 |  7- 9 || total
-------------------------+-------+-------+-------++-------
Melee: Short sword       |    18 |    92 |    45 ||   155
       Constrict         |     8 |    21 |     8 ||    37
       Tentacles         |     6 |    15 |    13 ||    34
       Punch             |     1 |     1 |       ||     2
       Whip              |    11 |     3 |       ||    14
  Use: Scroll            |       |     1 |       ||     1
 Stab: Sleeping          |     3 |    22 |     2 ||    27
       Distracted        |       |     1 |       ||     1
Armor: Skin              |     3 |    11 |    14 ||    28
Dodge: Dodged            |    19 |    43 |    21 ||    83
